 Dungeon Crawl Stone Soup version 0.29.1-1-gd02db6906a (webtiles) character file.

Game seed: 11069344409751849098

48549 RogueRain17 the Destroyer (level 14, -4/85 HPs)
             Began as a Demonspawn Conjurer on Sept 23, 2022.
             Was a High Priest of Vehumet.
             Slain by a torpor snail (8 damage)
             ... on level 5 of the Lair of Beasts.
             The game lasted 01:15:59 (22774 turns).

RogueRain17 the Destroyer (Demonspawn Conjurer)    Turns: 22774, Time: 01:16:00

Health: -4/85      AC:  8    Str:  8    XL:     14   Next: 12%
Magic:  12/33      EV: 18    Int: 29    God:    Vehumet [*****.]
Gold:   2465       SH:  0    Dex: 17    Spells: 1/27 levels left

rFire   . . .      SeeInvis +   N - staff of earth
rCold   . . .      Faith    .   (no shield)
rNeg    + . .      Spirit   .   F - +1 robe {rN+}
rPois   +          Reflect  .   (helmet unavailable)
rElec   .          Harm     .   t - +2 cloak {rPois}
rCorr   .          Rampage  .   f - +0 pair of gloves
Will    +....                   B - +0 pair of boots
Stlth   +++++.....              (no amulet)
HPRegen 0.24/turn               i - ring of magical power
MPRegen 0.23/turn               T - +6 ring of intelligence

@: slowed, very slow
A: antennae 3, thin skeletal structure 2, ignite blood 2, spiny 1
a: Renounce Religion


You were on level 5 of the Lair of Beasts.
You worshipped Vehumet.
Vehumet was extremely pleased with you.
You visited 3 branches of the dungeon, and saw 17 of its levels.

You collected 2465 gold pieces.

Inventory:

Hand Weapons
 q - the +3 hammer of Ahicw {vamp, Dex+4}
   (You found it on level 4 of the Dungeon)

   It occasionally heals its wielder for a portion of the damage dealt when it
   wounds a living foe.
   Dex:       It affects your dexterity (+4).
Armour
 a - a +1 robe
 f - a +0 pair of gloves (worn)
 t - a +2 cloak of poison resistance (worn)
 B - a +0 pair of boots (worn)
 F - a +1 robe of positive energy (worn)
Magical Staves
 N - a staff of earth (weapon)
Jewellery
 d - a +4 ring of evasion
 e - a ring of wizardry
 g - a ring of wizardry
 i - a ring of magical power (left hand)
 m - a +4 ring of evasion
 G - a +4 ring of protection
 J - a +6 ring of dexterity
 Q - a +6 ring of dexterity
 T - a +6 ring of intelligence (right hand)
Wands
 c - a wand of charming (7)
 j - a wand of polymorph (10)
 w - a wand of flame (31)
 x - a wand of iceblast (24)
 I - a wand of light (6)
Scrolls
 h - 5 scrolls of teleportation
 k - 2 scrolls of enchant weapon
 n - 5 scrolls of amnesia
 o - a scroll of immolation
 p - 2 scrolls of poison
 v - 3 scrolls of enchant armour
 y - 2 scrolls of blinking
 z - a scroll of summoning
 A - a scroll of noise
 D - 2 scrolls of vulnerability
 K - 2 scrolls of identify
 L - 2 scrolls of butterflies
 M - 2 scrolls of torment
 S - a scroll of silence {unknown}
 U - a scroll of fear {unknown}
Potions
 b - a potion of magic
 l - 3 potions of ambrosia
 r - 2 potions of mutation
 s - 3 potions of brilliance
 u - a potion of resistance
 C - 7 potions of curing {unknown}
 E - 2 potions of degeneration {unknown}
 H - a potion of haste {unknown}
 O - 3 potions of heal wounds {unknown}
 P - 2 potions of flight
 R - a potion of lignification


   Skills:
 - Level 10.0 Dodging
 - Level 6.0 Stealth
 - Level 7.0 Spellcasting
 - Level 14.0 Conjurations
 - Level 7.0 Hexes
 + Level 12.3 Earth Magic
 - Level 5.0 Evocations


You had one spell level left.
You knew the following spells:

 Your Spells              Type           Power      Damage    Failure   Level
a - Magic Dart            Conj           100%       1d8       0%          1
b - Searing Ray           Conj           100%       2d8       1%          2
c - Dazzling Flash        Conj/Hex       100%       N/A       1%          3
d - Stone Arrow           Conj/Erth      100%       3d13      1%          3
e - Fulminant Prism       Conj/Hex       31%        3d16      1%          4
f - Lee's Rapid Deconstr  Erth           44%        3d22*     1%          5
g - Lehudib's Crystal Sp  Conj/Erth      46%        10d11     36%         8

Your spell library contained the following spells:

 Spells                   Type           Power      Damage    Failure   Level
 Apportation              Tloc           20%        N/A       4%          1
 Necrotise                Necr           40%        1d6       4%          1
 Sting                    Tmut/Pois      40%        1d5       4%          1
 Summon Small Mammal      Summ           40%        N/A       4%          1
 Ensorcelled Hibernation  Hex/Ice        60%        N/A       1%          2
 Conjure Flame            Conj/Fire      50%        6-21      1%          3
 Iskenderun's Mystic Bla  Conj/Tloc      50%        2d11      1%          4
 Sticky Flame             Conj/Fire      50%        2d7       1%          4
 Poisonous Vapours        Pois/Air       20%        N/A       2%          2
 Cause Fear               Hex            25%        N/A       2%          4
 Ignite Poison            Fire/Tmut/Pois 10%        N/A       4%          3
 Animate Armour           Summ/Erth      100%       N/A       4%          4
 Blink                    Tloc           20%        N/A       8%          2
 Borgnjor's Vile Clutch   Necr/Erth      31%        N/A       11%         5
 Anguish                  Hex/Necr       15%        N/A       12%         4
 Olgreb's Toxic Radiance  Pois           10%        N/A       13%         4
 Spider Form              Tmut/Pois      10%        N/A       16%         3
 Silence                  Hex/Air        15%        N/A       32%         5
 Agony                    Necr           10%        N/A       80%         5
 Alistair's Intoxication  Tmut/Pois      6%         N/A       80%         5
 Manifold Assault         Tloc           10%        N/A       80%         5
 Summon Forest            Summ/Tloc      5%         N/A       80%         5
 Eringya's Noxious Bog    Tmut/Pois      5%         N/A       86%         6
 Dragon Form              Tmut           5%         N/A       100%        7
 Storm Form               Tmut/Air       5%         N/A       100%        7
 Summon Hydra             Summ           5%         N/A       100%        7
 Dragon's Call            Summ           5%         N/A       100%        9


Dungeon Overview and Level Annotations

Branches:
Dungeon (11/15)            Temple (1/1) D:5            Lair (5/5) D:8
 Shoals (0/4) Lair:2        Snake (0/4) Lair:3        Slime (0/5) Lair:5
    Orc (0/2) D:10

Altars:
Ashenzari
Cheibriados
Fedhas
Gozag
Hepliaklqana
Kikubaaqudgha
Makhleb
Okawaru
Qazlal
Ru
Sif Muna
Trog
Uskayaw
Vehumet
Wu Jian
Xom
Yredelemnul

Shops:
D:2 (

Annotations:
D:6 exclusion: door
D:8 exclusion: wolf, Grum
Temple 2 transporters
Lair:5 1 runed translucent door, exclusion: 2 oklob plants


Innate Abilities, Weirdness & Mutations

You have a pair of large antennae on your head. (SInv)
You have a moderately thin skeletal structure. (Dex +4, Stealth++)
Your demonic aura often causes spilled blood to erupt in flames.
You are partially covered in sharp spines.


Message History

Casting: Stone Arrow (safe; 1% risk of failure)
Confirm with . or Enter, or press ? or * to list all spells.
Aiming: Stone Arrow (safe; 1% risk of failure)
Press: ? - help, Shift-Dir - straight line, f/p - torpor snail
Aim: a torpor snail (heavily wounded, 100% to hit)
You feel a surge of power!
The stone arrow hits the torpor snail!!
The torpor snail is almost dead.
Casting: Stone Arrow (safe; 1% risk of failure)
Confirm with . or Enter, or press ? or * to list all spells.
Aiming: Stone Arrow (safe; 1% risk of failure)
Press: ? - help, Shift-Dir - straight line, f/p - torpor snail
Aim: a torpor snail (almost dead, 100% to hit)
You feel a surge of power!
The stone arrow hits the torpor snail.
The torpor snail is almost dead.
The torpor snail bites you!
Unknown command.
Casting: Stone Arrow (safe; 1% risk of failure)
Confirm with . or Enter, or press ? or * to list all spells.
Aiming: Stone Arrow (safe; 1% risk of failure)
Press: ? - help, Shift-Dir - straight line, f/p - torpor snail
Aim: a torpor snail (almost dead, 100% to hit)
You feel a surge of power!
The stone arrow hits the torpor snail!
You kill the torpor snail!
Vehumet accepts your kill.
You feel your power returning.
The torpor snail is struck by your spines.
The torpor snail completely misses you. The torpor snail bites you.
Casting: Stone Arrow (safe; 1% risk of failure)
Confirm with . or Enter, or press ? or * to list all spells.
Aiming: Stone Arrow (safe; 1% risk of failure)
Press: ? - help, Shift-Dir - straight line, f - torpor snail
Aim: a torpor snail (lightly wounded, 100% to hit)
You feel a surge of power!
The stone arrow hits the torpor snail!!
The torpor snail is heavily wounded.
The tyrant leech is struck by your spines.
The tyrant leech bites you!!
* * * LOW HITPOINT WARNING * * *
The tyrant leech draws strength from your injuries!
The torpor snail bites you!
You die...

###### ###
###ยง...##### ####.P
##..w@......## ##.....
#[..w###P....###....#.
#..### ####..#.....###
#. ######.....### #.
##.##.....#.# #
#.#.P....#.##
###.......#.##
##......P.#### #
##...##.#...#.# ###


You could see a tyrant leech and a torpor snail.

Vanquished Creatures
  A fire dragon (Lair:5)
  Josephine (Lair:3)
  A boulder beetle (Lair:5)
  7 hydras
  2 two-headed ogres
  Urug (Lair:3)
  7 death yaks (Lair:5)
  A swamp dragon (Lair:5)
  A deep troll (Lair:3)
  A lindwurm (Lair:5)
  A merfolk siren (Lair:2)
  2 black mambas (Lair:5)
  9 elephants
  7 torpor snails
  4 rime drakes
  6 cane toads
  14 komodo dragons
  A troll (D:10)
  3 tyrant leeches (Lair:5)
  11 blink frogs
  8 hornets (Lair:5)
  5 dream sheep (Lair:3)
  A shadow (D:10)
  3 wyverns
  3 wraiths (Lair:3)
  50 yaks
  4 basilisks
  4 steam dragons
  3 acid dragons
  22 water moccasins
  2 orc warriors (D:7)
  3 sky beasts
  3 black bears
  5 wolves
  An ogre (D:6)
  4 centaurs
  2 phantoms
  2 kobold brigands
  13 bullfrogs
  A gnoll sergeant (D:10)
  3 scorpions
  A necrophage (D:7)
  8 wights
  A killer bee (D:7)
  8 howler monkeys
  An electric eel (Lair:1)
  An orc priest (D:7)
  A gnoll bouda (D:7)
  A jelly (D:7)
  6 hounds
  Crazy Yiuf (D:4)
  8 iguanas
  Ijyb (D:3)
  3 orc wizards
  10 adders
  15 gnolls
  A shadow imp (D:6)
  2 white imps (D:6)
  A worm (D:4)
  3 dart slugs
  13 orcs
  6 endoplasms
  A giant cockroach (D:2)
  3 goblins
  7 hobgoblins
  9 jackals
  24 kobolds
  2 quokkas
  9 ball pythons
  5 bats
  3 frilled lizards
  7 rats
  A butterfly (D:5)
386 creatures vanquished.

Vanquished Creatures (collateral kills)
  2 death yaks (Lair:4)
2 creatures vanquished.

Vanquished Creatures (others)
  2 iguanas (Lair:5)
  3 bushes (D:8)
  8 fulminant prisms
  33 fungi
  102 plants
148 creatures vanquished.

Grand Total: 536 creatures vanquished

Notes
Turn   | Place    | Note
-------+----------+-------------------------------------------
     0 | D:1      | RogueRain17 the Demonspawn Conjurer began the quest for the
                  | Orb.
     0 | D:1      | Reached XP level 1. HP: 13/13 MP: 3/3
   324 | D:1      | Gained mutation: You have a somewhat thin skeletal
                  | structure. (Dex +2, Stealth+) [demonic ancestry]
   324 | D:1      | Reached XP level 2. HP: 19/19 MP: 1/5
   470 | D:1      | Learned a level 2 spell: Searing Ray
  1358 | D:2      | Reached skill level 5 in Conjurations
  1395 | D:2      | Reached XP level 3. HP: 23/24 MP: 0/6
  1713 | D:2      | Found a faded altar of an unknown god.
  1858 | D:2      | Gained mutation: You have a pair of small antennae on your
                  | head. [demonic ancestry]
  1858 | D:2      | Reached XP level 4. HP: 30/30 MP: 3/7
  1943 | D:2      | Found a shimmering altar of Xom.
  2175 | D:2      | Found Titicw's Weapon Shop.
  2644 | D:3      | Reached skill level 6 in Conjurations
  2876 | D:3      | Found a blossoming altar of Fedhas.
  2878 | D:3      | Found an opulent altar of Gozag.
  3053 | D:3      | Noticed Ijyb
  3109 | D:3      | Killed Ijyb
  3110 | D:3      | Reached XP level 5. HP: 35/35 MP: 6/8
  3541 | D:4      | Learned a level 3 spell: Dazzling Flash
  3558 | D:4      | Reached skill level 7 in Conjurations
  3886 | D:4      | Gained mutation: You have a pair of antennae on your head.
                  | [demonic ancestry]
  3886 | D:4      | Reached XP level 6. HP: 41/41 MP: 6/9
  4987 | D:4      | Reached skill level 8 in Conjurations
  5025 | D:4      | Found a runed translucent door.
  5026 | D:4      | Noticed Crazy Yiuf
  5034 | D:4      | Killed Crazy Yiuf
  5038 | D:4      | Identified the +3 hammer of Ahicw {vamp, Dex+4}
  5166 | D:5      | Entered Level 5 of the Dungeon
  5712 | D:5      | Gained mutation: You are partially covered in sharp spines.
                  | [demonic ancestry]
  5712 | D:5      | Reached XP level 7. HP: 46/46 MP: 10/10
  5823 | D:5      | Found a hazy altar of Hepliaklqana.
  5831 | D:5      | Found a staircase to the Ecumenical Temple.
  5933 | Temple   | Entered the Ecumenical Temple
  5933 | Temple   | Found a transporter.
  5933 | Temple   | Found a transporter.
  5935 | Temple   | Found a transporter.
  5935 | Temple   | Found a transporter.
  5948 | Temple   | Became a worshipper of Vehumet
  6218 | D:6      | Reached skill level 9 in Conjurations
  6378 | D:6      | Found a basalt altar of Yredelemnul.
  6624 | D:6      | Reached skill level 10 in Conjurations
  6914 | D:6      | Reached skill level 1 in Hexes
  6914 | D:6      | Gained mutation: You have a pair of large antennae on your
                  | head. (SInv) [demonic ancestry]
  6914 | D:6      | Reached XP level 8. HP: 51/52 MP: 11/11
  7435 | D:6      | Noticed a manticore
  7472 | D:6      | Identified a scroll of acquirement
  7473 | D:6      | Acquired 1150 gold pieces
  7622 | D:7      | Learned a level 3 spell: Stone Arrow
  7727 | D:7      | Reached skill level 1 in Earth Magic
  7853 | D:7      | Found a shimmering altar of Xom.
  7937 | D:7      | Reached * piety under Vehumet
  7937 | D:7      | Offered knowledge of Freeze by Vehumet.
  8734 | D:7      | Reached XP level 9. HP: 51/57 MP: 12/12
  8866 | D:7      | Reached skill level 5 in Dodging
  8868 | D:7      | Reached skill level 5 in Hexes
  9756 | D:8      | Noticed Grum
  9901 | D:8      | Reached skill level 5 in Earth Magic
 10255 | D:8      | Noticed a two-headed ogre
 10473 | D:8      | Gained mutation: Your demonic aura sometimes causes spilled
                  | blood to erupt in flames. [demonic ancestry]
 10473 | D:8      | Reached XP level 10. HP: 63/63 MP: 10/13
 10552 | D:8      | Found a staircase to the Lair.
 10672 | D:8      | Reached ** piety under Vehumet
 11131 | D:8      | Killed a two-headed ogre
 11131 | D:8      | Offered knowledge of Sandblast by Vehumet.
 11490 | D:9      | Learned a level 4 spell: Fulminant Prism
 12032 | D:9      | Gained mutation: Your demonic aura often causes spilled
                  | blood to erupt in flames. [demonic ancestry]
 12032 | D:9      | Reached XP level 11. HP: 52/68 MP: 2/14
 12553 | D:10     | Entered Level 10 of the Dungeon
 12559 | D:10     | Noticed a two-headed ogre
 12566 | D:10     | Killed a two-headed ogre
 12567 | D:10     | Reached skill level 11 in Conjurations
 13324 | D:10     | Found a staircase to the Orcish Mines.
 13851 | Lair:1   | Entered Level 1 of the Lair of Beasts
 14090 | Lair:1   | Noticed a five-headed hydra
 14101 | Lair:1   | Killed a five-headed hydra
 14102 | Lair:1   | Reached skill level 12 in Conjurations
 14355 | Lair:1   | Offered knowledge of Scorch by Vehumet.
 14373 | Lair:1   | Reached skill level 10 in Dodging
 14775 | Lair:1   | Reached skill level 13 in Conjurations
 15376 | Lair:2   | Reached *** piety under Vehumet
 15872 | Lair:2   | Found a snail-covered altar of Cheibriados.
 15943 | Lair:2   | Gained mutation: You have a moderately thin skeletal
                  | structure. (Dex +4, Stealth++) [demonic ancestry]
 15943 | Lair:2   | Reached XP level 12. HP: 74/74 MP: 13/15
 16016 | Lair:2   | Noticed a five-headed hydra
 16023 | Lair:2   | Killed a five-headed hydra
 16245 | Lair:2   | Found a staircase to the Shoals.
 16646 | Lair:2   | Reached skill level 14 in Conjurations
 17406 | Lair:3   | Offered knowledge of Frozen Ramparts by Vehumet.
 17408 | Lair:3   | Noticed Urug
 17428 | Lair:3   | Killed Urug
 17429 | Lair:3   | Reached skill level 5 in Stealth
 17533 | Lair:3   | Noticed a seven-headed hydra
 17535 | Lair:3   | Killed a seven-headed hydra
 17536 | Lair:3   | Reached skill level 5 in Spellcasting
 17593 | Lair:3   | Found a staircase to the Snake Pit.
 17946 | Lair:3   | Noticed Josephine
 18022 | Lair:3   | Killed Josephine
 18685 | Lair:4   | Noticed a five-headed hydra
 18694 | Lair:4   | Killed a five-headed hydra
 18870 | Lair:4   | Noticed a five-headed hydra
 18878 | Lair:4   | Killed a five-headed hydra
 18879 | Lair:4   | Reached XP level 13. HP: 79/79 MP: 18/23
 19413 | Lair:4   | Reached skill level 1 in Evocations
 19663 | Lair:5   | Entered Level 5 of the Lair of Beasts
 19935 | Lair:5   | Reached **** piety under Vehumet
 20193 | Lair:5   | Found a staircase to the Slime Pits.
 20217 | Lair:5   | Offered knowledge of Inner Flame by Vehumet.
 20460 | Lair:5   | Reached skill level 5 in Evocations
 20581 | Lair:5   | Reached skill level 10 in Earth Magic
 21712 | Lair:5   | Noticed a fire dragon
 21796 | Lair:5   | Killed a fire dragon
 22199 | Lair:5   | Found a runed translucent door.
 22225 | Lair:5   | Reached ***** piety under Vehumet
 22226 | Lair:5   | Reached XP level 14. HP: 85/85 MP: 24/24
 22229 | Lair:5   | Offered knowledge of Lee's Rapid Deconstruction by Vehumet.
 22240 | Lair:5   | Learned a level 5 spell: Lee's Rapid Deconstruction
 22249 | Lair:5   | Learned a level 8 spell: Lehudib's Crystal Spear
 22504 | Lair:5   | Paralysed by a hornet for 1 turns
 22774 | Lair:5   | HP: 4/85 [tyrant leech (24)]
 22774 | Lair:5   | Slain by a torpor snail

Illustrated notes

Levels and vault maps discovered:
D:1:      lightli_arrival_farm, layout_loops_ring, roderic_roman_lattice
D:2:      layout_loops_ring, basic_altar, serial_shops, shop,
          shapermc_ecumenical_altar_starsandcircs
D:3:      layout_loops_ring, jmf_multi_god_temple, chequers_arboretum,
          feat_on_display, uniq_ijyb
D:4:      layout_layer_cave, guppyfry_early_lair_pool, uniq_crazy_yiuf_cottage
D:5:      layout_basic, amcnicky_altar_gilded, minmay_temple_entry_butterflies
D:6:      layout_loops_ring, mainiacjoe_overflow_alcove_4, hex_large,
          minmay_manual_mullet
D:7:      cheibrodos_barr_body, layout_basic, mainiacjoe_overflow_alcove_2,
          reono_crystal_passage
D:8:      layout_loops_ring, minmay_lair_entry_grove, uniq_grum
D:9:      layout_cave_pools
D:10:     layout_loops_ring, orc_0_dummy, serial_rivers,
          chequers_serial_rivers_micro_c, chequers_serial_rivers_micro_c,
          chequers_serial_rivers_micro_b, chequers_serial_rivers_small_b,
          chequers_serial_rivers_micro_c, nrook_mini_vaults
D:11:     layout_rooms
Temple:   hellmonk_temple_divided_pantheon
Lair:1:   layout_loops_ring, serial_bayou_shore_b, serial_bayou_shore_a
Lair:2:   layout_cave_pods, minmay_shoals_entry_lonely_mermaid,
          kennysheep_snail_temple, infiniplex_staircase_pool
Lair:3:   dreamdust_cave_troll, layout_loops_ring,
          minmay_snake_entry_six_corridors, gauntlet_entry_generic, uniq_urug,
          uniq_josephine
Lair:4:   layout_gridlike
Lair:5:   wormcave, layout_cave_pods, guppyfry_lair_end_dragon,
          minmay_slime_entry_oklob_open, st_stairs_11,
          nicolae_lair_grazing_beasts [nicolae_sub_lair_graze_edge,
          nicolae_sub_lair_graze_edge, nicolae_sub_lair_graze_edge,
          nicolae_sub_lair_graze_edge]

Skill      XL: |  1  2  3  4  5  6  7  8  9 10 11 12 13 14 |
---------------+-------------------------------------------+-----
Conjurations   | 5 6 7 8 10 13 14 | 14.0
Dodging        | 2 4 6 8 10 | 10.0
Hexes          | 1 4 6 7 |  7.0
Earth Magic    | 3 5 7 8 11 12 | 12.3
Stealth        | 6 |  6.0
Spellcasting   | 6 7 |  7.0
Evocations     | 5 |  5.0

Action                   |  1- 3 |  4- 6 |  7- 9 | 10-12 | 13-15 || total
-------------------------+-------+-------+-------+-------+-------++-------
Melee: Unarmed           |    11 |    20 |       |       |       ||    31
       Mace              |       |       |    11 |    44 |     3 ||    58
       Staff             |       |       |       |       |     8 ||     8
 Cast: Magic Dart        |    67 |   143 |   121 |    32 |     6 ||   369
       Searing Ray       |       |     7 |     8 |     1 |       ||    16
       Stone Arrow       |       |       |    78 |   269 |   201 ||   548
       Dazzling Flash    |       |       |     3 |     4 |     8 ||    15
       Fulminant Prism   |       |       |       |     8 |       ||     8
  Use: Scroll            |     5 |       |     5 |     6 |     6 ||    22
       Potion            |       |     4 |     2 |       |     2 ||     8
Armor: Robe              |     1 |     7 |    11 |    17 |    16 ||    52
       Skin              |       |     7 |     2 |       |       ||     9
Dodge: Dodged            |    22 |    48 |    51 |    98 |   110 ||   329
